 Dungeon Crawl Stone Soup version 0.18.1-48-g4cf74bf (webtiles) character file.

9579 Joat the Reanimator (level 11, -2/93 HPs)
             Began as a Deep Dwarf Earth Elementalist on Aug 15, 2016.
             Was a High Priest of Makhleb.
             Slain by an elephant (9 damage)
             ... on level 2 of the Lair of Beasts.
             The game lasted 02:02:52 (10616 turns).

Joat the Reanimator (DDEE)                         Turns: 10616, Time: 02:02:53

Health: -2/93      AC: 11    Str: 12    XL:     11   Next: 24%
Magic:  3/18       EV: 16    Int: 23    God:    Makhleb [*****.]
Gold:   595        SH:  0    Dex: 17    Spells: 2 memorised, 13 levels left

rFire  . . .     SeeInvis .     a - +9 Staff of Wucad Mu {channel}
rCold  . . .     Gourm    .     j - +0 robe
rNeg   . . .     Faith    .     (no shield)
rPois  .         Spirit   .     o - +2 helmet
rElec  .         Dismiss  +     D - +2 cloak
rCorr  .         Reflect  .     W - +1 pair of gloves
SustAt .         Harm     .     (no boots)
MR     +....                    X - amulet of dismissal
Stlth  +++.......               V - +4 ring of dexterity
                                n - +4 ring of intelligence

@: non-regenerating, somewhat resistant to hostile enchantments, fairly stealthy
A: damage resistance, recharge devices, sense surroundings 2, slow regeneration
3
a: Device Recharging, Minor Destruction, Lesser Servant of Makhleb, Major
Destruction, Greater Servant of Makhleb, Renounce Religion


You were on level 2 of the Lair of Beasts.
You worshipped Makhleb.
Makhleb was extremely pleased with you.
You were not hungry.

You visited 3 branches of the dungeon, and saw 12 of its levels.
You also visited: Ossuary.

You collected 595 gold pieces.

Inventory:

Hand Weapons
 a - the +9 Staff of Wucad Mu (weapon) {channel}
   (You found it on level 7 of the Dungeon)
 q - the +6 spear of Indignation {elec, rF+}
   (You found it on level 6 of the Dungeon)

   Occasionally, upon striking a foe, it will discharge some electrical energy
   and cause terrible harm.
   It protects you from fire.
 I - a +1 flail of protection
Armour
 j - a +0 robe (worn)
 o - a +2 helmet (worn)
 D - a +2 cloak (worn)
 O - a +2 hat
 W - a +1 pair of gloves (worn)
Jewellery
 n - a +4 ring of intelligence (left hand)
 P - an uncursed ring of poison resistance
 V - a +4 ring of dexterity (right hand)
 X - an amulet of dismissal (around neck)
Wands
 b - a wand of flame (43/48)
 d - a wand of heal wounds (0/9)
 s - a wand of enslavement (13/24)
 G - a wand of hasting (6/9)
Scrolls
 p - a scroll of blinking
 F - 2 scrolls of teleportation
 K - 2 scrolls of remove curse
 N - a scroll of acquirement
Potions
 e - a potion of invisibility
 g - 2 potions of brilliance
 h - 2 potions of magic {unknown}
 k - a potion of haste
 l - 4 potions of might {unknown}
 m - 7 potions of heal wounds {unknown}
 r - 3 potions of flight {unknown}
 w - a potion of mutation
 x - a potion of cancellation
 z - 5 potions of lignification {unknown}
 A - a potion of resistance
 B - 3 potions of degeneration {unknown}
 E - 4 potions of curing
 H - 2 potions of berserk rage {unknown}
 Q - 2 potions of beneficial mutation {unknown}
 S - a potion of cure mutation
Books
 c - a book of Geomancy

   Spells                             Type                      Level
   a - Sandblast                      Earth                        1
   b - Passwall                       Transmutation/Earth          2
   c - Stone Arrow                    Conjuration/Earth            3
   d - Petrify                        Transmutation/Earth          4
   e - Lee's Rapid Deconstruction     Earth                        5
 i - a book of Transfigurations

   Spells                             Type                      Level
   a - Irradiate                      Conjuration/Transmutation    5
   b - Statue Form                    Transmutation/Earth          6
   c - Hydra Form                     Transmutation                6
   d - Dragon Form                    Transmutation                7
 t - the Grimoire of Aid and Changing
   (You found it on level 6 of the Dungeon)

   Spells                             Type                      Level
   a - Shroud of Golubria             Charms/Translocation         2
   b - Swiftness                      Charms/Air                   2
   c - Sticks to Snakes               Transmutation                2
   d - Ignite Poison                  Fire/Transmutation/Poison    3
   e - Irradiate                      Conjuration/Transmutation    5
 u - a book of Conjurations

   Spells                             Type                      Level
   a - Magic Dart                     Conjuration                  1
   b - Searing Ray                    Conjuration                  2
   c - Dazzling Spray                 Conjuration/Hexes            3
   d - Fulminant Prism                Conjuration/Hexes            4
   e - Iskenderun's Mystic Blast      Conjuration                  4
   f - Iskenderun's Battlesphere      Conjuration/Charms           5
 v - a book of Callings

   Spells                             Type                      Level
   a - Summon Small Mammal            Summoning                    1
   b - Call Imp                       Summoning                    2
   c - Call Canine Familiar           Summoning                    3
   d - Summon Guardian Golem          Hexes/Summoning              3
   e - Summon Lightning Spire         Summoning/Air                4
   f - Summon Ice Beast               Ice/Summoning                4
 y - a book of Necromancy

   Spells                             Type                      Level
   a - Pain                           Necromancy                   1
   b - Animate Skeleton               Necromancy                   1
   c - Vampiric Draining              Necromancy                   3
   d - Regeneration                   Charms/Necromancy            3
   e - Animate Dead                   Necromancy                   4
   f - Control Undead                 Necromancy                   4
Miscellaneous
 C - a fan of gales (inert)
 T - a stone of tremors (inert)
Comestibles
 f - 9 bread rations
 J - 4 fruits
 L - 6 meat rations
 M - 7 chunks of flesh
 R - 4 beef jerkies


   Skills:
 + Level 4.8 Fighting
 - Level 1.1(3.0) Maces & Flails
 - Level 2.7(3.8) Polearms
 * Level 4.1(4.6) Staves
 - Level 6.2 Armour
 + Level 5.7 Dodging
 + Level 5.1 Stealth
 + Level 4.9 Spellcasting
 - Level 5.1 Conjurations
 + Level 8.8 Necromancy
   Level 0.8 Transmutations
 - Level 8.0 Earth Magic
 + Level 5.5 Evocations


You had 13 spell levels left.
You knew the following spells:

 Your Spells              Type           Power        Failure   Level  Hunger
a - Vampiric Draining     Necr           #####.....   1%          3    ##.....
z - Stone Arrow           Conj/Erth      #####.       1%          3    ##.....


Dungeon Overview and Level Annotations

Branches:
Dungeon (9/15)             Temple (1/1) D:4            Lair (2/8) D:9
    Orc: D:9-12

Altars:
Ashenzari
Cheibriados
Dithmenos
Elyvilon
Fedhas
Gozag
Kikubaaqudgha
Makhleb
Nemelex Xobeh
Okawaru
Pakellas
Qazlal
Ru
Sif Muna
Trog
Vehumet
Xom
Yredelemnul
Zin
The Shining One

Shops:
D:6 *

Annotations:
D:8 exclusion: orange crystal statue
Lair:1 exclusions: electric eel and 5 more exclusions


Innate Abilities, Weirdness & Mutations

You are resistant to damage.
You can recharge devices by infusing magical energy.
You passively map the area around you.
You do not regenerate naturally.


Message History

The elephant closely misses you. The elephant misses you.
The elephant tramples you.
* * * LOW HITPOINT WARNING * * *
You hold your ground!
The elephant trunk-slaps you but does no damage.
You thump the elephant!
The elephant is almost dead.
The elephant completely misses you.
The elephant trunk-slaps you but does no damage.
The elephant completely misses you.
The elephant trunk-slaps you but does no damage.
You completely miss the elephant.
The elephant is almost dead.
The elephant misses you. x2
The elephant tramples you but does no damage.
The elephant trunk-slaps you but does no damage.
You hit the elephant but do no damage.
The elephant is severely wounded.
The elephant tramples you!
You die...

........Y...........#*
,
....###P............#
* ...#*
####Y.#.#....#. , ,
... #...####..## * ,
##...# ### * * ##..#
##.## * , ##.#### ## *
##..Y@#..# , ** *
##...Y....# ,
##....⌠....#* , , *
#....##.#...# * * ,
#....#####.....* , , ,
,#...## * #..... * * ,
,, #.... *#...#* ,
,..... , .... , ⌠...,
⌠ , , ,, ⌠ , ,


You could see 2 elephants.

Vanquished Creatures
  Gastronok (Lair:1)
  Urug (Lair:1)
  2 elephants
  A black mamba (Lair:1)
  A spiny frog (Lair:1)
  2 komodo dragons (Lair:1)
  Sigmund (D:3)
  3 hippogriffs
  Edmund (D:4)
  2 wargs
  A porcupine (Lair:1)
  3 water moccasins (Lair:1)
  A black bear (D:9)
  2 sky beasts
  An ice beast (D:8)
  2 ogres
  3 orc warriors
  2 necrophages
  2 phantoms
  2 centaurs
  A crocodile (Lair:1)
  4 giant frogs
  2 water moccasin zombies
  4 scorpions
  10 killer bees
  3 wights (D:7)
  A crimson imp (D:5)
  A giant frog zombie (D:6)
  4 hounds
  A jelly (D:7)
  2 giant frog skeletons
  12 orc priests
  Crazy Yiuf (D:2)
  8 orc wizards
  Ijyb (D:2)
  4 iguanas
  Natasha (thrice) (D:2)
  2 worker ants
  A big kobold zombie (Ossuary)
  2 hound zombies
  A hound skeleton (D:8)
  3 mummies
  A worker ant zombie (D:5)
  A howler monkey skeleton (D:8)
  9 adders
  17 river rats (Lair:1)
  A shadow imp (D:5)
  An ooze (D:4)
  4 adder zombies (Ossuary)
  3 worms
  A dart slug (D:1)
  4 giant geckos
  39 orcs
  A ball python (D:4)
  6 giant cockroaches
  2 gnoll zombies (Ossuary)
  3 goblins
  8 hobgoblins
  18 jackals
  6 kobolds
  4 quokkas
  4 bats
  4 giant newts
  3 hobgoblin zombies (Ossuary)
  A jackal skeleton (D:5)
  7 kobold zombies (Ossuary)
  4 orc zombies (Ossuary)
  A quokka skeleton (D:4)
  A quokka zombie (D:5)
  6 rats
265 creatures vanquished.

Vanquished Creatures (collateral kills)
  An elephant (Lair:1)
1 creature vanquished.

Vanquished Creatures (others)
  An orc wizard (D:6)
  A big kobold zombie (Ossuary)
  A gnoll zombie (Ossuary)
  A kobold (D:3)
  2 kobold zombies (Ossuary)
  A fungus (Lair:2)
7 creatures vanquished.

Grand Total: 273 creatures vanquished

Notes
Turn   | Place    | Note
--------------------------------------------------------------
     0 | D:1      | Joat the Deep Dwarf Earth Elementalist began the quest for the Orb.
     0 | D:1      | Reached XP level 1. HP: 15/15 MP: 3/3
   251 | D:1      | Reached XP level 2. HP: 19/22 MP: 2/4
   431 | D:1      | Reached skill level 5 in Earth Magic
  1017 | D:2      | Found a faded altar to an unknown god.
  1019 | D:2      | Noticed Ijyb
  1052 | D:2      | Killed Ijyb
  1052 | D:2      | Reached skill level 1 in Polearms
  1052 | D:2      | Reached XP level 3. HP: 14/28 MP: 1/5
  1061 | D:2      | Learned a level 3 spell: Stone Arrow
  1099 | D:2      | Noticed Natasha
  1103 | D:2      | Killed Natasha
  1103 | D:2      | Reached skill level 1 in Conjurations
  1103 | D:2      | Reached XP level 4. HP: 18/36 MP: 3/6
  1160 | D:2      | Noticed Natasha
  1173 | D:2      | Killed Natasha
  1222 | D:2      | Noticed Natasha
  1233 | D:2      | Killed Natasha
  1367 | D:2      | Noticed Crazy Yiuf
  1374 | D:2      | Killed Crazy Yiuf
  1374 | D:2      | Reached XP level 5. HP: 17/42 MP: 3/7
  1889 | D:3      | Noticed Sigmund
  1902 | D:3      | Killed Sigmund
  1902 | D:3      | Reached XP level 6. HP: 26/49 MP: 1/9
  1946 | D:3      | Found a stormy altar of Qazlal.
  2379 | D:4      | Found an oddly glowing altar of Pakellas.
  2413 | D:4      | Found a sand-covered staircase.
  2464 | Ossuary  | Entered an ossuary
  2533 | Ossuary  | Reached XP level 7. HP: 22/55 MP: 9/11
  2816 | D:4      | Learned a level 3 spell: Vampiric Draining
  3028 | D:4      | Found a staircase to the Ecumenical Temple.
  3037 | Temple   | Entered the Ecumenical Temple
  3154 | Temple   | Became a worshipper of Makhleb the Destroyer
  3259 | D:4      | Noticed Edmund
  3275 | D:4      | Killed Edmund
  3602 | D:5      | Entered Level 5 of the Dungeon
  3769 | D:5      | Found a shadowy altar of Dithmenos.
  3884 | D:5      | Reached skill level 5 in Necromancy
  3884 | D:5      | Reached XP level 8. HP: 24/62 MP: 12/12
  4473 | D:6      | Reached skill level 1 in Armour
  4475 | D:6      | Reached * piety under Makhleb
  4720 | D:6      | Identified the Grimoire of Aid and Changing (You found it on level 6 of the Dungeon)
  5281 | D:6      | Reached skill level 1 in Maces & Flails
  5316 | D:6      | Got a faintly glowing spear
  5317 | D:6      | Identified the +6 spear of Indignation {elec, rF+} (You found it on level 6 of the Dungeon)
  5330 | D:6      | Found Nynu's Needful Niceties.
  5353 | D:6      | Reached skill level 1 in Fighting
  5553 | D:7      | Reached ** piety under Makhleb
  6189 | D:7      | Gained mutation: You passively map the area around you. [Deep Dwarf growth]
  6189 | D:7      | Reached XP level 9. HP: 48/73 MP: 6/13
  6715 | D:8      | Reached skill level 1 in Evocations
  6721 | D:8      | Noticed an orange crystal statue
  6790 | D:8      | Found an ancient bone altar of Kikubaaqudgha.
  7064 | D:8      | Reached *** piety under Makhleb
  7295 | D:8      | Reached skill level 5 in Conjurations
  7403 | D:8      | Reached skill level 1 in Staves
  7660 | D:8      | Reached **** piety under Makhleb
  7923 | D:9      | Found a staircase to the Lair.
  7950 | D:8      | Reached skill level 5 in Armour
  8106 | D:9      | Reached XP level 10. HP: 69/84 MP: 2/15
  8572 | Lair:1   | Entered Level 1 of the Lair of Beasts
  8623 | Lair:1   | Identified a scroll of acquirement
  8656 | Lair:1   | Noticed Urug
  8708 | Lair:1   | Killed Urug
  8986 | Lair:1   | Noticed a black mamba
  9079 | Lair:1   | Killed a black mamba
  9145 | Lair:1   | Reached ***** piety under Makhleb
  9392 | Lair:1   | Found a sparkling altar of Nemelex Xobeh.
  9392 | Lair:1   | Noticed Gastronok
  9518 | Lair:1   | Killed Gastronok
  9518 | Lair:1   | Reached skill level 5 in Dodging
  9518 | Lair:1   | Reached skill level 5 in Evocations
  9842 | Lair:1   | Reached XP level 11. HP: 61/93 MP: 8/18
 10331 | Lair:1   | Reached skill level 5 in Stealth
 10616 | Lair:2   | Slain by an elephant

Skill      XL: |  1  2  3  4  5  6  7  8  9 10 11 |
---------------+----------------------------------+-----
Earth Magic    | 5 6 7 8 |  8.0
Polearms       | 1 2 |  2.7
Conjurations   | 1 2 3 4 5 |  5.1
Spellcasting   | 2 3 4 |  4.9
Necromancy     | 5 6 7 8 |  8.8
Armour         | 3 5 6 |  6.2
Maces & Flails | 1 |  1.1
Fighting       | 1 3 4 |  4.8
Dodging        | 3 4 5 |  5.7
Evocations     | 3 5 |  5.5
Staves         | 1 3 4 |  4.1
Stealth        | 4 5 |  5.1
Transmutations | |  0.8

Action                   |  1- 3 |  4- 6 |  7- 9 | 10-12 || total
-------------------------+-------+-------+-------+-------++-------
Melee: Unarmed           |    21 |       |       |       ||    21
       Club              |     4 |       |       |       ||     4
       Spear             |    33 |   110 |   109 |       ||   252
       Quarterstaff      |       |    15 |    66 |       ||    81
       Flail             |       |       |   166 |       ||   166
       Staff             |       |       |   178 |   191 ||   369
 Cast: Sandblast         |    26 |    15 |     7 |       ||    48
       Stone Arrow       |       |     4 |     7 |       ||    11
       Vampiric Draining |       |       |   100 |    85 ||   185
Evoke: Wand              |       |     4 |     4 |     3 ||    11
       Staff of Wucad Mu |       |       |     4 |    14 ||    18
       Fan of gales      |       |       |       |     1 ||     1
       Stone of tremors  |       |       |       |     1 ||     1
  Use: Scroll            |       |     8 |     5 |    11 ||    24
 Stab: Sleeping          |     4 |     4 |     7 |     3 ||    18
       Distracted        |       |       |     1 |     1 ||     2
  Eat: Chunk             |     1 |     5 |    20 |     9 ||    35
       Pizza             |       |       |     1 |     2 ||     3
       Meat ration       |       |       |     1 |       ||     1
       Beef jerky        |       |       |     1 |       ||     1
Armor: Robe              |    24 |    21 |   233 |   122 ||   400
Dodge: Dodged            |    41 |    50 |   428 |   291 ||   810
